AoeStats
← Shawn96

Arena

509419869Analyzed
4v4 RM · 6d ago on Sep 26, 2026· 32m 4s· 8 players
Game mode
Random Map
Map size
Large (8 player)
Population
200
Speed
Normal
Resources
Standard
Victory
Conquest
Starting age
Dark Age
Ending age
Imperial Age
RankedLock teamsTeams togetherTeam positionsShared explorationLock speedFull tech treeHidden civsTurbo modeCheats
Victory
Defeat
🇨🇦 Cumans · Canada
1262
+12
🇬🇧 Celts · United Kingdom
1218
+14
🇺🇸 Spanish · United States
1180
+16
🇺🇸 Cumans · United States
1178
+17
🇺🇸 Bohemians · United States
1194
-15
🇺🇸 Italians · United States
1183
-15
🇲🇽 Magyars · Mexico
1180
-15
🇨🇦 Varangians · Canada
1155
-14
MoonlightS96
9:54 Feudal Age
10:23 Double-Bit Axe
14:43 Castle Age
12:58 Horse Collar
15:34 Bow Saw
15:15 Gold Mining
15:16 Stone Mining
25:49 Redemption
25:55 Loom
25:57 Town Watch
28:04 Fletching
eward17
10:52 Feudal Age
15:08 Castle Age
13:01 Double-Bit Axe
13:25 Horse Collar
15:22 Fletching
15:32 Padded Archer Armor
16:30 Bow Saw
19:24 Bloodlines
21:50 Heavy Plow
23:24 Wheelbarrow
23:05 Husbandry
24:45 Ballistics
24:55 Bodkin Arrow
27:15 Gold Mining
27:17 Stone Mining
27:54 Leather Archer Armor
gaurioles
10:45 Feudal Age
14:55 Castle Age
13:26 Double-Bit Axe
13:33 Horse Collar
16:32 Loom
17:23 Wheelbarrow
23:30 Town Watch
25:37 Chemistry
25:39 Heavy Plow
25:36 Pikeman
29:12 Fletching
32:04 Imperial Age
30:41 Scale Mail Armor
30:52 Forging
31:09 Hand Cart
31:43 Ballistics
32:15 Fervor
Thorin Escudo de Roble
2:22 Loom
10:45 Feudal Age
14:52 Castle Age
27:45 Imperial Age
25:28 Scale Barding Armor
Bostonstrain
5:46 Loom
5:52 Loom
9:20 Feudal Age
11:16 Double-Bit Axe
12:57 Horse Collar
14:15 Wheelbarrow
16:20 Gold Mining
18:55 Fletching
19:06 Padded Archer Armor
19:14 Scale Barding Armor
19:20 Forging
19:54 Bloodlines
23:09 Castle Age
24:11 Chain Barding Armor
24:27 Iron Casting
23:22 Capped Ram
27:46 Gold Shaft Mining
31:13 Hand Cart
onesecimpoopin
10:32 Feudal Age
14:29 Castle Age
13:11 Double-Bit Axe
14:19 Stone Mining
14:11 Horse Collar
15:45 Wheelbarrow
15:52 Bow Saw
20:23 Gold Mining
21:54 Padded Archer Armor
22:55 Hand Cart
23:06 Fletching
24:33 Leather Archer Armor
25:39 Bodkin Arrow
27:11 Husbandry
27:21 Bloodlines
34:41 Imperial Age
Shawn96
8:32 Feudal Age
9:57 Double-Bit Axe
10:39 Horse Collar
16:46 Wheelbarrow
17:45 Loom
20:16 Castle Age
19:01 Scale Barding Armor
19:02 Gold Mining
19:53 Bloodlines
20:47 Forging
21:23 Chain Barding Armor
21:33 Bow Saw
21:28 Heavy Plow
23:50 Iron Casting
24:31 Hand Cart
24:04 Town Watch
28:10 Gold Shaft Mining
28:07 Ballistics
30:33 Imperial Age
29:16 Light Cavalry
30:02 Stone Mining
31:52 Plate Barding Armor
32:17 Blast Furnace
30:41 Cavalier
32:31 Crop Rotation
Calum1Ltv
9:36 Feudal Age
13:39 Castle Age
11:52 Double-Bit Axe
12:16 Horse Collar
14:02 Loom
14:40 Bow Saw
30:38 Wheelbarrow
32:48 Imperial Age
31:27 Fletching
31:51 Masonry
Connection lost

Rejoining the realm…

Still unreachable

The connection could not be restored.

Session expired

The server has moved on; the page needs a fresh start.